 Dungeon Crawl Stone Soup version 0.29.0-15-g675c0067aa (webtiles) character file.

Game seed: 13154070190723348750

115 blackman the Purveyor of Pain (level 4, -5/30 HPs)
             Began as a Demonspawn Necromancer on Sept 11, 2022.
             Was an Initiate of Kikubaaqudgha.
             Killed by divine providence
             ... invoked by an orc priest
              (9 damage)
             ... on level 3 of the Dungeon.
             The game lasted 00:08:24 (3390 turns).

blackman the Purveyor of Pain (DsNe)                Turns: 3390, Time: 00:08:24

Health: -5/30      AC:  3    Str:  8    XL:     4   Next: 68%
Magic:  0/7        EV: 12    Int: 21    God:    Kikubaaqudgha [......]
Gold:   137        SH:  0    Dex: 13    Spells: 3/7 levels left

rFire   . . .      SeeInvis .   f - +0 whip
rCold   . . .      Faith    .   (no shield)
rNeg    . . .      Spirit   .   a - +0 robe
rPois   .          Reflect  .   (no helmet)
rElec   .          Harm     .   (no cloak)
rCorr   .          Rampage  .   m - +0 pair of gloves
Will    .....                   (no boots)
Stlth   ++........              (no amulet)
HPRegen 0.10/turn               (no ring)
MPRegen 0.10/turn               (no ring)

@: no status effects
A: big brain 1
a: Renounce Religion


You were on level 3 of the Dungeon.
You worshipped Kikubaaqudgha.
Kikubaaqudgha was noncommittal.
You visited 1 branch of the dungeon, and saw 3 of its levels.

You collected 137 gold pieces.

Inventory:

Hand Weapons
 f - a +0 whip (weapon)
Missiles
 e - 5 poisoned darts (quivered)
Armour
 a - a +0 robe (worn)
 m - a +0 pair of gloves (worn)
Scrolls
 d - a scroll of amnesia {unknown}
 g - a scroll of identify {unknown}
 h - a scroll of enchant armour {unknown}
 i - a scroll of teleportation {unknown}
 j - a scroll of summoning {unknown}
 k - a scroll of immolation
 n - a scroll of magic mapping {unknown}
 o - a scroll of torment {unknown}
Potions
 b - a potion of magic
 c - a potion of curing {unknown}
 l - a potion of flight {unknown}


   Skills:
 - Level 1.7 Dodging
 - Level 1.7 Stealth
 - Level 2.0 Spellcasting
 + Level 6.7 Necromancy


You had 3 spell levels left.
You knew the following spells:

 Your Spells              Type           Power      Damage    Failure   Level
a - Necrotise             Necr           100%       1d9       1%          1
b - Vampiric Draining     Necr           30%        2d8       2%          3

Your spell library contained the following spells:

 Spells                   Type           Power      Damage    Failure   Level
 Slow                     Hex            8%         N/A       14%         1
 Confusing Touch          Hex            2%         N/A       41%         3
 Animate Dead             Necr           30%        N/A       9%          4
 Agony                    Necr           30%        N/A       26%         5


Dungeon Overview and Level Annotations

Branches:
Dungeon (3/15)

Altars:
Kikubaaqudgha


Innate Abilities, Weirdness & Mutations

You have an unusually large brain. (Int +2)


Message History

Confirm with . or Enter, or press ? or * to list all spells.
Aiming: Vampiric Draining (dangerous; 3% risk of failure)
Press: ? - help, Shift-Dir - straight line, f - orc priest
Aim: an orc priest, wielding a +0 whip and wearing a +0 scale mail You draw life force from the orc priest!
You feel life coursing into your body. The orc priest hits you with a +0 whip.
Casting: Vampiric Draining (dangerous; 3% risk of failure)
Confirm with . or Enter, or press ? or * to list all spells.
Aiming: Vampiric Draining (dangerous; 3% risk of failure)
Press: ? - help, Shift-Dir - straight line, f/p - orc priest
Aim: an orc priest, wielding a +0 whip and wearing a +0 scale mail (severely wounded)
You draw life force from the orc priest!
You kill the orc priest!
Kikubaaqudgha accepts your kill.
You feel life coursing into your body.
Casting: Vampiric Draining (dangerous; 2% risk of failure)
Confirm with . or Enter, or press ? or * to list all spells.
You don't have enough magic to cast this spell.
Unknown command.
Unknown command.
Casting: Vampiric Draining (dangerous; 2% risk of failure)
Confirm with . or Enter, or press ? or * to list all spells.
Aiming: Necrotise (safe; 1% risk of failure)
Press: ? - help, Shift-Dir - straight line, f - orc priest
Aim: an orc priest, wielding a +0 dagger (chance to affect: 83%)
The orc priest writhes in agony.
The orc priest begins to cast a cantrip, but forgets the words!
The orc priest mumbles some strange prayers to Beogh against you.
Pain shoots through your body!
You throw a poisoned dart.
The poisoned dart barely misses the orc priest.
The poisoned dart closely misses the orc priest.
The orc priest mumbles some strange prayers to Beogh against you.
Beogh smites you!
Ouch! That really hurt!
* * * LOW HITPOINT WARNING * * *
The orc priest invokes the aid of Beogh against you.
Beogh smites you!
You die...
Kikubaaqudgha rasps: "You have failed me!
Welcome... death!"

#.####.####
#.........##.#
####..........#
####<...##†##.##.#
#.......##...
##########.#####.#
##$.$ #.# ..
#$8.8.### #.# ..
#_.$.oo@# #.# .
#.8.8.#.###.#
##.$$ #.....# ###
#....>..#
#.##.##.# #. ..#
.# #.#.## .# #...
.# ###. ..


You could see 2 orc priests.

Vanquished Creatures
  An orc priest (D:3)
  2 adders (D:2)
  A worm (D:2)
  2 dart slugs (D:1)
  3 bats
  5 endoplasms
  4 giant cockroaches
  4 goblins
  6 hobgoblins
  6 jackals
  4 kobolds (D:1)
  2 quokkas (D:1)
  5 ball pythons
  4 frilled lizards
  7 rats
56 creatures vanquished.

Vanquished Creatures (collateral kills)
  An endoplasm (D:2)
  A bat (D:2)
  A frilled lizard (D:1)
  A kobold (D:1)
4 creatures vanquished.

Grand Total: 60 creatures vanquished

Notes
Turn   | Place    | Note
-------+----------+-------------------------------------------
     0 | D:1      | blackman the Demonspawn Necromancer began the quest for the
                  | Orb.
     0 | D:1      | Reached XP level 1. HP: 13/13 MP: 3/3
   515 | D:1      | Gained mutation: You have an unusually large brain. (Int
                  | +2) [demonic ancestry]
   515 | D:1      | Reached XP level 2. HP: 19/19 MP: 1/5
   625 | D:1      | Reached skill level 5 in Necromancy
   937 | D:1      | Found a faded altar of an unknown god.
  1089 | D:1      | Reached XP level 3. HP: 24/24 MP: 2/6
  1184 | D:1      | Learned a level 3 spell: Vampiric Draining
  2515 | D:2      | Found an ancient bone altar of Kikubaaqudgha.
  2527 | D:2      | Reached skill level 6 in Necromancy
  2527 | D:2      | Became a worshipper of Kikubaaqudgha
  2655 | D:2      | Reached XP level 4. HP: 30/30 MP: 3/7
  3390 | D:3      | Killed from afar by an orc priest

Illustrated notes

Levels and vault maps discovered:
D:1:      matt_arrival_los_fun, layout_basic, basic_ecumenical_altar
D:2:      layout_rooms, basic_altar
D:3:      layout_loops_cross, mainiacjoe_overflow_chevrons,
          kennysheep_orc_chapel

Skill      XL: |  1  2  3 |
---------------+----------+-----
Necromancy     | 5 6 |  6.7
Dodging        | |  1.7
Stealth        | |  1.7
Spellcasting   | |  2.0

Action                   |  1- 3 |  4- 6 || total
-------------------------+-------+-------++-------
Melee: Unarmed           |    10 |       ||    10
       Whip              |    33 |    12 ||    45
Throw: Dart              |    23 |     1 ||    24
 Cast: Necrotise         |    60 |     9 ||    69
       Vampiric Draining |     1 |     3 ||     4
  Use: Scroll            |       |     1 ||     1
 Stab: Sleeping          |     1 |       ||     1
Armor: Robe              |    18 |     8 ||    26
Dodge: Dodged            |    71 |     9 ||    80
